Map: Interloper LE

Players

Lambo - Winner!

  • Race: Zerg Zerg
  • Spawn Location: 11:00

GAMETIME

  • Race: Zerg Zerg
  • Spawn Location: 5:00

Event: WCS Montreal 2017

VOD

Have the link to the VOD?

Description

Time

  • Played on: Sept. 8, 2017, 11:58 a.m.
  • Length: 5:03

All games in this series

Show
View Real Time Build Order
Export as new Build Order

Lambo Zerg - Winner!

Build Orders: Hatch First 

Get SALT Encoding   

  12  0:01  Drone  
  13  0:12  Overlord  
  13  0:17  Drone  
  14  0:30  Drone x2  
  14  0:35  Drone  
  17  0:51  Hatchery  
  17  0:54  Drone  
  17  0:58  Drone  
  18  1:08  Extractor  
  17  1:13  Spawning Pool  
  17  1:15  Drone  
  17  1:18  Drone  
  18  1:28  Drone  
  19  1:38  Overlord  
  19  2:00  Queen  
  23  2:01  Zergling x4  
  23  2:03  Queen, Zergling x2  
  26  2:11  Metabolic Boost  
  26  2:12  Zergling x2  
  27  2:18  Zergling x2  
  26  2:23  Zergling x2  
  26  2:29  Zergling x2  
  24  2:38  Drone x2  
  17  2:55  Zergling x4  
  19  3:01  Zergling x4  
  21  3:07  Zergling x2  
  21  3:12  Zergling x2  
  23  3:15  Zergling x2  
  25  3:20  Zergling x2  
  25  3:25  Zergling x2  
  26  3:29  Zergling x2  
  26  3:33  Zergling x2  
  28  3:38  Zergling x2  
  29  3:45  Zergling x2  
  29  3:48  Zergling x2  
  31  4:00  Zergling x4  
  31  4:01  Zergling x2  
  33  4:07  Zergling x2  
  34  4:10  Zergling x2  
  35  4:25  Overlord  
  33  4:32  Zergling x4  
  33  4:37  Zergling x2  
  28  4:40  Zergling x2  
  28  4:45  Zergling x2  
Show
View Real Time Build Order
Export as new Build Order

GAMETIME Zerg 

Build Orders: Pool First 

Get SALT Encoding   

  12  0:17  Spawning Pool  
  11  0:22  Drone  
  11  0:27  Drone  
  13  0:31  Drone  
  14  0:41  Overlord  
  15  1:04  Zergling x4  
  15  1:05  Zergling x2  
  17  1:16  Hatchery  
  16  1:18  Zergling x2  
  17  1:28  Zergling x2  
  18  1:34  Queen  
  18  1:39  Zergling x2  
  21  1:44  Extractor  
  20  1:48  Drone  
  21  1:59  Drone  
  22  2:10  Overlord  
  22  2:24  Overlord  
  22  2:27  Queen  
  24  2:30  Zergling x2  
  24  2:36  Zergling x2  
  24  2:41  Zergling x2  
  24  2:43  Zergling x2  
  22  2:51  Metabolic Boost  
  22  2:59  Overlord  
  22  3:03  Zergling x2  
  23  3:09  Zergling x2  
  24  3:14  Zergling x4  
  26  3:24  Zergling x4  
  26  3:25  Zergling x2  
  29  3:30  Zergling x2  
  29  3:33  Zergling x2  
  31  3:38  Zergling x2  
  31  3:40  Zergling x2  
  32  3:44  Zergling x2  
  32  3:48  Zergling x2  
  32  3:52  Zergling x2  
  32  3:55  Zergling x2  
  34  4:01  Zergling x2  
  35  4:04  Zergling x2  
  35  4:06  Drone  
  37  4:11  Zergling x2  
  37  4:13  Zergling x2  
  39  4:17  Zergling x2  
  39  4:21  Zergling x2  
  41  4:24  Zergling x2  
  39  4:31  Zergling x2  
  39  4:32  Zergling x2  
  18  4:46  Zergling x2  
Tags
 
Add a new tag
Caveats
  • Supply blocks, unpowered buildings, or Contaminate may cause inaccurate times.
  • Supply counts are checked every 10 seconds.